 Dungeon Crawl Stone Soup version 0.17.1-3-g152610e (webtiles) character file.

61 Mechanique the Conjurer (level 3, 0/24 HPs)
             Began as a Mummy Conjurer on Mar 11, 2016.
             Slain by a goblin
             ... wielding a +0 club
              (6 damage)
             ... on level 2 of the Dungeon.
             The game lasted 00:07:15 (3395 turns).

Mechanique the Conjurer (Mummy Conjurer)            Turns: 3395, Time: 00:07:15

Health: 0/24       AC:  2    Str: 11    XL:     3   Next: 83%
Magic:  3/6        EV: 12    Int: 15    God:
Gold:   49         SH:  0    Dex: 12    Spells: 1 memorised, 5 levels left

rFire  x . .     SeeInvis .     c - +0 dagger
rCold  + . .     Clarity  .     a - +0 robe
rNeg   + + +     SustAt   .     (no shield)
rPois  ∞         Gourm    .     (no helmet)
rElec  .         Spirit   .     (no cloak)
rCorr  .         Warding  .     (no gloves)
rMut   .         Stasis   .     (no boots)
MR     .....                    (no amulet)
Stlth  ++........               (no ring)
                                (no ring)

@: not resistant to hostile enchantments, unstealthy
A: no food or potions, fire vulnerability, cold resistance 1, negative energy
resistance 3, torment resistance, unbreathing
a: no special abilities


You were on level 2 of the Dungeon.
You were not hungry.

You visited 1 branch of the dungeon, and saw 2 of its levels.

You collected 49 gold pieces.

Inventory:

Hand Weapons
 c - a +0 dagger (weapon)
Armour
 a - a +0 robe (worn)
Scrolls
 d - a scroll of magic mapping {unknown}
 e - 2 scrolls of amnesia {unknown}
 f - 2 scrolls of remove curse {unknown}
 g - 3 scrolls of noise {unknown}
 h - a scroll of identify {unknown}
Books
 b - a book of Conjurations

   Spells                             Type                      Level
   a - Magic Dart                     Conjuration                  1
   b - Searing Ray                    Conjuration                  2
   c - Dazzling Spray                 Conjuration/Hexes            3
   d - Fulminant Prism                Conjuration/Hexes            4
   e - Iskenderun's Mystic Blast      Conjuration                  4
   f - Iskenderun's Battlesphere      Conjuration/Charms           5


   Skills:
 - Level 0.1 Short Blades
 + Level 2.1 Dodging
 - Level 1.5 Stealth
 + Level 2.4 Spellcasting
 + Level 4.0 Conjurations


You had 5 spell levels left.
You knew the following spells:

 Your Spells              Type           Power        Failure   Level  Hunger
a - Magic Dart            Conj           ##..         4%          1    N/A

Dungeon Overview and Level Annotations

Branches:
Dungeon (2/15)

Altars:


Innate Abilities, Weirdness & Mutations

You do not eat or drink.
Your flesh is vulnerable to fire.
You are immune to poison.
Your flesh is cold resistant.
You are immune to negative energy.
You are immune to unholy pain and torment.
You can survive without breathing.


Message History

Your magical contamination has completely faded away.
You hit the worm.
The worm is almost dead.
The bat misses you. The worm closely misses you.
You hit the worm.
The worm is almost dead.
The bat hits you.
* * * LOW HITPOINT WARNING * * *
You hit the worm.
You kill the worm!
The bat hits you but does no damage. The bat hits you.
* * * LOW HITPOINT WARNING * * *
A goblin comes into view. It is wielding a club.
The bat barely misses you.
The goblin shouts!
The bat closely misses you. The bat closely misses you.
The goblin hits you with a club.
You die...

## #.##..# .## #.#
..# ..# #<#
.#######.#
.........#
##############++####
##........## #######
#.....g...(##
).....#
.....≈≈@....##
#####.#
.....§≈b.....## #
####
.....≈§.......## #
##.#
....§≈≈........#
###..#
..§§≈§§≈.......#
#....#
.§§§≈§≈≈≈..§§..#
#.#..#
§§§§§≈≈≈≈§§?.#
#.##.#
§§§≈§§≈§≈§§≈§.#
#.####
....≈§≈§≈≈....§.#


You could see a goblin and a bat.

Vanquished Creatures
  An adder (D:2)
  A worm (D:2)
  3 giant geckos (D:1)
  3 bats
  3 giant cockroaches (D:2)
  4 goblins
  A hobgoblin (D:2)
  2 ball pythons (D:2)
  A giant newt (D:1)
  10 kobolds
  17 rats
  A bush (D:1)
  2 plants (D:1)
49 creatures vanquished.

Vanquished Creatures (others)
  A plant (D:1)
1 creature vanquished.

Grand Total: 50 creatures vanquished

Notes
Turn   | Place    | Note
--------------------------------------------------------------
     0 | D:1      | Mechanique the Mummy Conjurer began the quest for the Orb.
     0 | D:1      | Reached XP level 1. HP: 13/13 MP: 3/3
   154 | D:1      | Reached XP level 2. HP: 4/19 MP: 0/5
  1540 | D:1      | Reached XP level 3. HP: 24/24 MP: 3/6
  3186 | D:2      | Reached skill level 4 in Conjurations
  3395 | D:2      | Slain by a goblin

Action                   || total
-------------------------++-------
Melee: Unarmed           ||    31
       Dagger            ||   777
 Cast: Magic Dart        ||    83
